 Dungeon Crawl Stone Soup version 0.31.0-11-ge490571c62 (webtiles) character file.

Game seed: 2273830437556785554

35 smplgd the Trooper (level 3, 0/24 HPs)
             Began as a Gargoyle Monk on Jan 31, 2024.
             Was an Initiate of Ashenzari.
             Slain by Terence
             ... wielding a +0 mace
              (2 damage)
             ... on level 2 of the Dungeon.
             The game lasted 00:37:31 (1701 turns).

smplgd the Trooper (Gargoyle Monk)                  Turns: 1701, Time: 00:37:32

Health: 0/24       AC:  8    Str: 16    XL:     3   Next: 33%
Magic:  3/3        EV: 12    Int: 16    God:    Ashenzari [......]
Gold:   21         SH:  0    Dex: 12    Spells: 2/2 levels left

rFire   . . .        a - +0 mace
rCold   . . .        d - orb {light}
rNeg    + + .        j - +2 robe {rN+}
rPois   ∞            (no helmet)
rElec   +            (no cloak)
rCorr   .            (no gloves)
SInv    .            n - +0 pair of boots
Will    .....        (no amulet)
Stlth   +            w - +6 ring of intelligence
HPRegen 0.24/turn    (no ring)
MPRegen 0.08/turn

%: no passive effects
@: glowing
A: sickness immunity, AC +3, negative energy resistance 1, electricity
resistance, torment resistance 1, petrification resistance
a: Renounce Religion, Curse Item


You were on level 2 of the Dungeon.
You worshipped Ashenzari.
Ashenzari was noncommittal.
You visited 1 branch of the dungeon, and saw 3 of its levels.

You collected 21 gold pieces.

Inventory:

Hand Weapons
 a - a +0 mace (weapon)
 g - a +0 whip
 i - a +0 dagger
 l - a +0 hand axe
 y - a +0 club
Missiles
 h - 12 stones (quivered)
 v - 4 poisoned darts
Armour
 b - a +0 robe
 d - an orb of light (worn)
 j - a +2 robe of positive energy (worn)
 k - a +0 ring mail
 n - a +0 pair of boots (worn)
 o - a +0 robe
 p - a +0 leather armour
 r - a +0 helmet
 t - a +0 ring mail
Jewellery
 q - a ring of fire
 w - a +6 ring of intelligence (left hand)
Scrolls
 m - a scroll of vulnerability {unknown}
 s - 3 scrolls of noise {unknown}
 u - a scroll of revelation {unknown}
 x - a scroll of identify {unknown}
Potions
 c - 2 potions of ambrosia
 e - a potion of brilliance {unknown}
 f - a potion of attraction {unknown}


   Skills:
 + Level 4.1 Fighting
 + Level 3.7 Maces & Flails
 - Level 2.4 Dodging


You had 2 spell levels left.
You didn't know any spells.
Your spell library was empty.

Dungeon Overview and Level Annotations

Branches:
Dungeon (3/15)

Altars:
Ashenzari
Ru
Yredelemnul

Shops:
D:2 [

Annotations:
D:2 Terence


Innate Abilities, Weirdness & Mutations

You are immune to sickness and miasma.
Your stone body is resilient. (AC +3)
You are immune to poison.
You resist negative energy. (rN+)
You are resistant to electric shocks. (rElec)
You are resistant to unholy torment.
You are immune to petrification.


Message History

Terence attacks as he pursues you! Terence closely misses you.
The orc attacks as it pursues you! The orc closely misses you.
Terence hits you but does no damage. Terence attacks as he pursues you!
Terence closely misses you. Terence attacks as he pursues you!
Terence misses you.
You hit Terence.
Terence is moderately wounded.
Terence hits you with a +0 mace.
* * * LOW HITPOINT WARNING * * *
You hit Terence but do no damage.
Terence is moderately wounded.
Terence hits you but does no damage. Terence hits you with a +0 mace.
* * * LOW HITPOINT WARNING * * *
You hit Terence but do no damage.
Terence is moderately wounded.
Terence hits you with a +0 mace.
* * * LOW HITPOINT WARNING * * *
An endoplasm comes into view.
You hit Terence but do no damage.
Terence is moderately wounded.
Terence hits you with a +0 mace.
* * * LOW HITPOINT WARNING * * *
You hit Terence but do no damage.
Terence is moderately wounded.
Terence barely misses you.
You hit Terence.
Terence is heavily wounded.
Terence hits you but does no damage. Terence attacks as he pursues you!
Terence hits you with a +0 mace.
* * * LOW HITPOINT WARNING * * *
Found a coppery potion.
There is a stone staircase leading up here.
You can't go down here!
Terence barely misses you.
You climb upwards.
There is a stone staircase leading down here.
Terence hits you but does no damage. Terence attacks as he pursues you!
Terence hits you with a +0 mace.
You die...
Terence says, "That felt goooood."

.# #.#....# #........ .#
#......# #.#..#... .# ####.####
#.......# .# ### #.....).#
###..#.##
######.#####..#.#..#####
#......
#...#.......#........#######.##
#.##.#.##...............# #.##
#.##.#.###..###.>.##.##.# #...
#.##.#.# #....@@..#..##.# ####
#.##.#.# #......#.#.###.#
#......# ####.###.#.###.#
####.### #.# #.......# #.#
###.#####.##### #.# #.....# #.#
####.### #...>.###.####
#.)....## #.....#......#
#.......# #.....#.#.##.#


You could see Terence.

Vanquished Creatures
  A ribbon worm (D:2)
  4 endoplasms
  A giant cockroach (D:1)
  4 hobgoblins
  2 kobolds
  A quokka (D:1)
  6 ball pythons
  3 bats
  2 frilled lizards (D:2)
  6 goblins
30 creatures vanquished.

Notes
Turn   | Place    | Note
-------+----------+-------------------------------------------
     0 | D:1      | smplgd the Gargoyle Monk began the quest for the Orb.
     0 | D:1      | Reached XP level 1. HP: 14/14 MP: 1/1
   536 | D:1      | Reached XP level 2. HP: 16/19 MP: 2/2
   950 | D:2      | Found Eddon's Antique Armour Emporium.
  1101 | D:2      | Reached XP level 3. HP: 8/24 MP: 3/3
  1214 | D:2      | Reached skill level 4 in Fighting
  1496 | D:2      | Found a broken altar of Ashenzari.
  1526 | D:2      | Became a worshipper of Ashenzari the Shackled
  1663 | D:3      | Found a sacrificial altar of Ru.
  1663 | D:3      | Noticed Terence
  1665 | D:3      | Found a basalt altar of Yredelemnul.
  1693 | D:3      | HP: 1/24 [Terence/+0 mace (1)]
  1701 | D:2      | Slain by Terence

Illustrated notes

Levels and vault maps discovered:
D:1:      lightli_arrival_statue_moat, layout_loops_corners, minivault_26
D:2:      layout_loops_cross, basic_altar, serial_shops,
          nicolae_shop_pleasant_corner_grove
D:3:      layout_basic, grunt_temple_overflow_open, zin_treasury,
          dreamdust_ecumenical_altar_angels_and_demons, gammafunk_ghost_arena,
          uniq_terence

Skill      XL: |  1  2  3 |
---------------+----------+-----
Fighting       | 4 |  4.1
Maces & Flails | |  3.7
Dodging        | |  2.4

Action                     || total
---------------------------++-------
  Melee: Mace              ||    78
  Throw: Stone             ||    10
 Armour: Robe              ||    49
  Dodge: Dodged            ||    60
